 Dungeon Crawl Stone Soup version 0.22-a0-618-gd6a3efe (webtiles) character file.

1312 kuniqs the Arsonist (level 8, -1/41 HPs)
             Began as a Deep Elf Fire Elementalist on July 13, 2018.
             Was an Initiate of Vehumet.
             Slain by an iguana (8 damage)
             ... on level 7 of the Dungeon.
             The game lasted 00:14:12 (6316 turns).

kuniqs the Arsonist (Deep Elf Fire Elementalist)    Turns: 6316, Time: 00:14:12

Health: -1/41      AC:  5    Str:  7    XL:     8   Next: 32%
Magic:  4/14       EV: 13    Int: 23    God:    Vehumet [......]
Gold:   386        SH:  0    Dex: 19    Spells: 3/13 levels left

rFire    + . .     SeeInvis .   B - +0 long sword of Ravage {elec, rC++} (curse)
rCold    + + .     Gourm    .   (no shield)
rNeg     . . .     Faith    .   a - +0 robe
rPois    .         Spirit   .   y - +0 helmet "Jomatsea" {rF+ rCorr Str+2 Dex+4}
rElec    .         Reflect  .   v - +1 cloak
rCorr    +         Harm     .   (no gloves)
MR       .....                  (no boots)
Stlth    +++.......             (no amulet)
HPRegen  0.13/turn              l - +1 ring of slaying
MPRegen  0.14/turn              (no ring)

@: lethally poisoned (-1 -> -2), very slightly contaminated
A: no striking features
a: Renounce Religion


You were on level 7 of the Dungeon.
You worshipped Vehumet.
Vehumet was noncommittal.
You were hungry.

You visited 2 branches of the dungeon, and saw 8 of its levels.

You collected 386 gold pieces.

Inventory:

Hand Weapons
 B - the cursed +0 long sword of Ravage (weapon) {elec, rC++}
   (You found it on level 5 of the Dungeon)

   Occasionally, upon striking a foe, it will discharge some electrical energy
   and cause terrible harm.
   It greatly protects you from cold.
   It has a curse placed upon it.
Missiles
 k - 3 throwing nets (quivered)
Armour
 a - a +0 robe (worn)
 v - a +1 cloak (worn)
 y - the +0 helmet "Jomatsea" (worn) {rF+ rCorr Str+2 Dex+4}
   (You found it on level 4 of the Dungeon)

   It affects your strength (+2).
   It affects your dexterity (+4).
   It protects you from fire.
   It provides partial protection from all sources of acid and corrosion.
Jewellery
 l - a +1 ring of slaying (left hand)
Wands
 r - a wand of acid (7)
 s - a wand of enslavement (8)
 D - a wand of scattershot (5)
Scrolls
 d - a scroll of fog {unknown}
 e - 3 scrolls of remove curse {@r2}
 g - a scroll of immolation {unknown}
 i - a scroll of noise {unknown}
 n - 3 scrolls of amnesia {unknown}
 o - a scroll of teleportation {unknown}
 t - a scroll of identify {unknown}
 w - a scroll of magic mapping {unknown}
 x - a scroll of enchant weapon {unknown}
 z - 3 scrolls of enchant armour {unknown}
Potions
 b - 4 potions of mutation {unknown}
 h - a potion of berserk rage {unknown}
 j - a potion of resistance {unknown}
 m - 5 potions of ambrosia {unknown}
 p - 2 potions of cancellation {unknown}
 q - a potion of heal wounds {unknown}
 u - 4 potions of agility
 A - 2 potions of brilliance {unknown}
 C - a potion of curing {unknown}
Comestibles
 c - 8 rations
 f - a chunk of flesh


   Skills:
 - Level 2.4 Dodging
 - Level 4.6 Stealth
 - Level 3.0 Spellcasting
 + Level 7.4 Conjurations
 + Level 8.2 Fire Magic


You had 3 spell levels left.
You knew the following spells:

 Your Spells              Type           Power        Failure   Level  Hunger
a - Flame Tongue          Conj/Fire      #####        1%          1    None
b - Throw Flame           Conj/Fire      #####.       1%          2    ##.....
c - Conjure Flame         Conj/Fire      #####...     1%          3    ###....
d - Sticky Flame          Conj/Fire      #####...     4%          4    ####...

Your spell library contained the following spells:

 Spells                   Type           Power        Failure   Level  Hunger
 Fireball                 Conj/Fire      #####.....   13%         5    ######.
 Apportation              Tloc           #.....       12%         1    None
 Summon Small Mammal      Summ           #...         12%         1    None
 Animate Skeleton         Necr           N/A          12%         1    None
 Confusing Touch          Hex            #.....       12%         1    None
 Inner Flame              Hex/Fire       ###.....     6%          3    ###....


Dungeon Overview and Level Annotations

Branches:
Dungeon (7/15)             Temple (1/1) D:4

Altars:
Ashenzari
Cheibriados
Dithmenos
Elyvilon
Fedhas
Gozag
Hepliaklqana
Kikubaaqudgha
Makhleb
Nemelex Xobeh
Okawaru
Qazlal
Ru
Sif Muna
Trog
Uskayaw
Vehumet
Wu Jian
Xom
Yredelemnul
Zin
The Shining One

Shops:
D:2 *   D:4 =


Message History

Vehumet accepts yer kill.
Ye feel sick.
Tha iguana closely misses ye.
Aim: an iguana Ye miscast Flame Tongue.
Ye be very lightly contaminated wit' residual magic.
Ye haf a brief vision o' globes o' primordial fire.
Tha iguana bites ye!
Aim: an iguana Tha flame tongue hits tha iguana.
Tha iguana hisses menacin'ly.
Tha iguana barely misses ye.
Aim: an iguana (severely wounded) Tha flame tongue hits tha iguana.
Tha iguana appears unharmed.
Tha iguana bites ye.
* * * LOW HITPOINT WARNIN'
* * *
Aim: an iguana (heavily wounded) Tha flame tongue hits tha iguana.
Ye feel sick.
Tha iguana closely misses ye.
Aim: an iguana (severely wounded) Tha flame tongue hits tha iguana.
Tha iguana bites ye!
Ye die...

.# #..#.#
...##..#.###
#.........#
..........#
#o..<..#
.....#.oo.#
###
##o#.....
#l###### #@#
#+#


You could see an iguana, 2 orc wizards and an orc.

Vanquished Creatures
  2 sky beasts (D:6)
  An ice beast (D:6)
  2 ogres
  Blork the orc (D:5)
  A bullfrog (D:7)
  A scorpion (D:7)
  A crimson imp (D:5)
  4 jellies
  2 orc wizards
  Crazy Yiuf (D:4)
  2 iguanas
  4 worker ants
  5 adders
  5 gnolls
  3 oozes
  2 adder skeletons (D:4)
  4 worms
  A dart slug (D:1)
  3 leopard geckos
  33 orcs
  2 ball pythons
  11 bats
  7 giant cockroaches
  17 goblins
  10 hobgoblins
  9 jackals
  13 kobolds
  4 quokkas
  6 frilled lizards
  A leopard gecko zombie (D:6)
  11 rats
169 creatures vanquished.

Vanquished Creatures (others)
  3 orcs (D:4)
  A quokka (D:4)
4 creatures vanquished.

Grand Total: 173 creatures vanquished

Notes
Turn   | Place    | Note
-------+----------+-------------------------------------------
     0 | D:1      | kuniqs the Deep Elf Fire Elementalist began the quest for the Orb.
     0 | D:1      | Reached XP level 1. HP: 10/10 MP: 6/6
   147 | D:1      | Reached XP level 2. HP: 15/15 MP: 5/8
   291 | D:1      | Learned a level 2 spell: Throw Flame
   680 | D:1      | Reached XP level 3. HP: 19/19 MP: 6/9
  1068 | D:2      | Reached skill level 4 in Fire Magic
  1438 | D:2      | Reached XP level 4. HP: 24/24 MP: 5/10
  1504 | D:2      | Found Zin's Purification Station.
  1504 | D:2      | Found a glowing silver altar of Zin.
  1509 | D:2      | Learned a level 3 spell: Conjure Flame
  2061 | D:3      | Found a sparkling altar of Nemelex Xobeh.
  2063 | D:3      | Found a bloodstained altar of Trog.
  2063 | D:3      | Found a deep blue altar of Sif Muna.
  2432 | D:3      | Reached XP level 5. HP: 28/28 MP: 5/11
  2935 | D:3      | Learned a level 4 spell: Sticky Flame
  3101 | D:4      | Noticed an ogre
  3109 | D:4      | Killed an ogre
  3109 | D:4      | Reached skill level 5 in Fire Magic
  3183 | D:4      | Reached XP level 6. HP: 32/32 MP: 6/12
  3322 | D:4      | Found Uchuxim's Jewellery Boutique.
  3378 | D:4      | Found a runed door.
  3382 | D:4      | Noticed Crazy Yiuf
  3389 | D:4      | Killed Crazy Yiuf
  3603 | D:4      | Found a white marble altar of Elyvilon.
  3652 | D:4      | Got a spiked helmet
  3659 | D:4      | Identified the +0 helmet "Jomatsea" {rF+ rCorr Str+2 Dex+4} (You found it on level 4 of the Dungeon)
  4060 | D:4      | Reached skill level 6 in Fire Magic
  4285 | D:4      | Found a staircase to the Ecumenical Temple.
  4294 | Temple   | Entered the Ecumenical Temple
  4326 | D:5      | Entered Level 5 of the Dungeon
  4393 | D:5      | Reached skill level 5 in Conjurations
  4454 | D:5      | Reached XP level 7. HP: 34/36 MP: 3/13
  4614 | D:5      | Found a hazy altar of Hepliaklqana.
  4710 | D:5      | Noticed Blork the orc
  4717 | D:5      | Killed Blork the orc
  5009 | D:5      | Found a radiant altar of Vehumet.
  5029 | D:5      | Became a worshipper of Vehumet
  5307 | D:5      | You fall through a shaft for 2 floors!
  5356 | D:7      | Found a hazy altar of Hepliaklqana.
  5497 | D:6      | Reached skill level 7 in Fire Magic
  5805 | D:5      | Got a dazzling long sword
  5806 | D:5      | Identified the cursed +0 long sword of Ravage {elec, rC++} (You found it on level 5 of the Dungeon)
  6003 | D:6      | Reached XP level 8. HP: 41/41 MP: 10/14
  6112 | D:6      | Reached skill level 8 in Fire Magic
  6316 | D:7      | Slain by an iguana

Vault maps used:
D:1:      minmay_arrival_stone_box
D:2:      zin_purify, first_ration
D:3:      grunt_temple_overflow_open, minmay_quantized
D:4:      cheibrodos_greedy_goblins, elyvilon_altar_4, lemuel_temple_firewalk_b,
          serial_shops, shop, uniq_crazy_yiuf_cottage
D:5:      kennysheep_mini, kennysheep_little_box, kennysheep_cross_bottleneck,
          minmay_item_behind_shaft, uniq_blork_the_orc
D:6:      gup_sewer_entry_bowl, basic_altar
D:7:      lemuel_ratsnest, serial_shops, shop_fountains, basic_altar,
          the_bakery, uniq_menkaure
Temple:   nicolae_temple_no_exploring_needed

Skill      XL: |  1  2  3  4  5  6  7  8 |
---------------+-------------------------+-----
Stealth        | 3 4 |  4.6
Conjurations   | 2 3 4 5 6 7 |  7.4
Fire Magic     | 4 5 6 7 8 |  8.2
Dodging        | |  2.4
Spellcasting   | |  3.0

Action                   |  1- 3 |  4- 6 |  7- 9 || total
-------------------------+-------+-------+-------++-------
Melee: Dagger            |       |     2 |     1 ||     3
 Cast: Flame Tongue      |    63 |   141 |    76 ||   280
       Throw Flame       |     7 |    31 |     7 ||    45
       Conjure Flame     |       |     5 |     4 ||     9
       Sticky Flame      |       |     1 |     3 ||     4
Evoke: Wand              |       |     1 |     2 ||     3
  Use: Scroll            |       |     1 |       ||     1
  Eat: Chunk             |     2 |    10 |     7 ||    19
Armor: Robe              |     1 |     4 |     4 ||     9
Dodge: Dodged            |    12 |    16 |    21 ||    49
       Rpst.: Long sword |       |       |     3 ||     3

Table legend:
 A = Spawn XP
 B = Non-spawn XP
 C = Spawn XP percentage of total XP
 D = Spawn monster count
 E = Non-spawn monster count
 F = Spawn count percentage of total count
 G = Total turns spent on level
                    A         B        C        D         E        F      G
               +---------+---------+-------+---------+---------+-------+---------
         Total |       0 |    1875 |   0.0 |       0 |     169 |   0.0 |  6316
               +---------+---------+-------+---------+---------+-------+---------
           D:1 |       0 |      45 |   0.0 |       0 |      27 |   0.0 |   790
           D:2 |       0 |      74 |   0.0 |       0 |      23 |   0.0 |  1102
           D:3 |       0 |     137 |   0.0 |       0 |      45 |   0.0 |  1272
           D:4 |       0 |     404 |   0.0 |       0 |      36 |   0.0 |  1160
           D:5 |       0 |     356 |   0.0 |       0 |      14 |   0.0 |  1204
           D:6 |       0 |     689 |   0.0 |       0 |      19 |   0.0 |   684
           D:7 |       0 |     170 |   0.0 |       0 |       5 |   0.0 |   102
               +---------+---------+-------+---------+---------+-------+---------
